 Dungeon Crawl Stone Soup version 0.27.1-4-g1640c2035a (webtiles) character file.

Game seed: 8574096883367249364

32 Stomo444 the Skirmisher (level 3, -1/37 HPs)
             Began as an Ogre Gladiator on Nov 17, 2021.
             Succumbed to an adder's poison
             ... on level 2 of the Dungeon.
             The game lasted 00:01:10 (1190 turns).

Stomo444 the Skirmisher (Ogre Gladiator)            Turns: 1190, Time: 00:01:11

Health: -1/37      AC:  3    Str: 19    XL:     3   Next: 25%
Magic:  3/3        EV: 10    Int:  9    God:
Gold:   62         SH:  0    Dex: 10    Spells: 2/2 levels left

rFire    . . .     SeeInvis .   a - +0 flail
rCold    . . .     Faith    .   (no shield)
rNeg     . . .     Spirit   .   b - +0 robe
rPois    .         Reflect  .   c - +0 hat
rElec    .         Harm     .   (no cloak)
rCorr    .         Rampage  .   (gloves unavailable)
Will     .....                  (boots unavailable)
Stlth    +.........             h - amulet of magic regeneration
HPRegen  0.12/turn              (no ring)
MPRegen  0.33/turn              (no ring)

@: lethally poisoned (-1 -> -16)
A: large, unfitting armour, tough skin 1
a: no special abilities


You were on level 2 of the Dungeon.
You visited 1 branch of the dungeon, and saw 2 of its levels.

You collected 62 gold pieces.

Inventory:

Hand Weapons
 a - a +0 flail (weapon)
Missiles
 d - 3 throwing nets (quivered)
Armour
 b - a +0 robe (worn)
 c - a +0 hat (worn)
Jewellery
 h - an amulet of magic regeneration (around neck)
Scrolls
 e - a scroll of summoning {unknown}
 f - a scroll of torment {unknown}
 g - a scroll of teleportation {unknown}
 i - a scroll of immolation {unknown}


   Skills:
 + Level 3.5 Fighting
 + Level 3.1 Maces & Flails
 - Level 2.0 Throwing
 + Level 3.1 Dodging


You had 2 spell levels left.
You didn't know any spells.
Your spell library was empty.

Dungeon Overview and Level Annotations

Branches:
Dungeon (2/15)

Altars:


Innate Abilities, Weirdness & Mutations

You are too large for most types of armour.
You have tough skin. (AC +1)


Message History

A rat comes into view.
The adder bites you.
You are poisoned.
The adder poisons you!
You hit the adder but do no damage.
You feel sick. The adder bites you. The adder bites you but does no damage.
You barely miss the adder.
You feel sick. The rat barely misses you. The adder barely misses you.
The adder closely misses you. The rat bites you.
You closely miss the adder.
You feel sick. The adder closely misses you. The rat bites you.
You miss the adder.
You feel sick. The adder bites you.
The rat twitches its whiskers.
The rat barely misses you. The adder bites you.
You are too injured to fight recklessly!
There are monsters nearby!
Unknown command.
You are too injured to fight recklessly!
Unknown command.
You closely miss the adder.
You feel sick.
You are no longer poisoned.
The adder bites you.
You are poisoned.
The adder poisons you! The rat barely misses you. The adder bites you.
* * * LOW HITPOINT WARNING * * *
You are lethally poisoned!
The adder poisons you!
You aren't carrying any potions.
Unknown command.
You barely miss the adder.
* * * LOW HITPOINT WARNING * * *
You feel very sick. The rat closely misses you. The adder bites you.
* * * LOW HITPOINT WARNING * * *
You are more poisoned.
The adder poisons you!
The rat twitches its whiskers.
The rat bites you but does no damage.
You sock the adder!
The adder is severely wounded.
You die...

##### ##### ######...#
#....
#........#########.##.
#.#...................
# #.#################.
####.#.######## #.
#......r@Sr..(# #.
#.##.#.######.# #.
#...:# #. ......# #.
###....# #. ....... #.
#.##.#.# #. .. #.#. #.
#.


You could see an adder and 2 rats.

Vanquished Creatures
  A dart slug (D:1)
  6 endoplasms
  3 goblins (D:1)
  3 hobgoblins (D:1)
  4 jackals (D:1)
  A quokka (D:1)
  A ball python (D:1)
  3 bats (D:1)
  A kobold (D:1)
  2 rats (D:1)
25 creatures vanquished.

Notes
Turn   | Place    | Note
-------+----------+-------------------------------------------
     0 | D:1      | Stomo444 the Ogre Gladiator began the quest for the Orb.
     0 | D:1      | Reached XP level 1. HP: 22/22 MP: 1/1
   120 | D:1      | Reached XP level 2. HP: 13/31 MP: 2/2
   707 | D:1      | Reached XP level 3. HP: 37/37 MP: 3/3
  1004 | D:1      | Found a faded altar of an unknown god.
  1190 | D:2      | Succumbed to an adder's poison

Illustrated notes

Levels and vault maps discovered:
D:1:      kennysheep_arrival_forest, layout_loops_cross,
          shapermc_ecumenical_altar_venn, hangedman_decor_lopped,
          dk_noncrumbling_4
D:2:      layout_loops_ring, serial_shops, nicolae_square_shop

Skill      XL: |  1  2 |
---------------+-------+-----
Fighting       | 3 |  3.5
Maces & Flails | 3 |  3.1
Dodging        | 3 |  3.1
Throwing       | |  2.0

Action                   || total
-------------------------++-------
Melee: Flail             ||    61
 Stab: Sleeping          ||     1
Armor: Robe              ||    16
Dodge: Dodged            ||    47
